 Dungeon Crawl Stone Soup version 0.25.1-2-g60ff931df9 (webtiles) character file.

Game seed: 13486573604106904823

86 hawla the Slasher (level 4, 0/38 HPs)
             Began as a Minotaur Gladiator on Nov 3, 2020.
             Slain by Sigmund
             ... wielding a +0 scythe
              (13 damage)
             ... on level 2 of the Dungeon.
             The game lasted 00:03:26 (1288 turns).

hawla the Slasher (Minotaur Gladiator)              Turns: 1288, Time: 00:03:26

Health: 0/38       AC:  3    Str: 20    XL:     4   Next: 26%
Magic:  0/3        EV: 13    Int:  5    God:
Gold:   19         SH:  0    Dex: 11    Spells: 3/3 levels left

rFire    . . .     SeeInvis .   a - +0 long sword
rCold    . . .     Gourm    .   (no shield)
rNeg     . . .     Faith    .   b - +0 leather armour
rPois    .         Spirit   +   c - +0 hat
rElec    .         Reflect  .   (no cloak)
rCorr    .         Harm     .   (no gloves)
MR       +....                  (no boots)
Stlth    +.........             i - amulet of guardian spirit
HPRegen  0.12/turn              k - ring of protection from magic (curse)
MPRegen  0.08/turn              (no ring)

@: lethally poisoned (0 -> -1)
A: retaliatory headbutt, horns 2
a: no special abilities


You were on level 2 of the Dungeon.
You were not hungry.

You visited 1 branch of the dungeon, and saw 2 of its levels.

You collected 19 gold pieces.

Inventory:

Hand Weapons
 a - a +0 long sword (weapon)
Missiles
 d - 2 throwing nets (quivered)
Armour
 b - a +0 leather armour (worn)
 c - a +0 hat (worn)
Jewellery
 i - an amulet of guardian spirit (around neck)
 k - a cursed ring of protection from magic (left hand)
Scrolls
 g - a scroll of blinking {unknown}
 l - a scroll of remove curse {unknown}
Potions
 e - a potion of curing
 h - a potion of degeneration {unknown}
Comestibles
 f - 2 rations


   Skills:
 + Level 3.2 Fighting
 + Level 4.8 Long Blades
 + Level 2.3 Throwing
 + Level 1.1 Armour
 * Level 3.8 Dodging


You had 3 spell levels left.
You didn't know any spells.
Your spell library was empty.

Dungeon Overview and Level Annotations

Branches:
Dungeon (2/15)

Altars:
Hepliaklqana
Xom

Annotations:
D:2 Sigmund


Innate Abilities, Weirdness & Mutations

You reflexively headbutt those who attack you in melee.
You have a pair of horns on your head.


Message History

The bat closely misses you. You furiously retaliate!
You headbutt the bat.
You hear some strange, mumbled words.
Something tries to affect you, but you resist.
The bat hits you but does no damage.
You closely miss something. The bat misses you.
You hear some strange, mumbled words.
Something tries to affect you, but you resist.
The bat barely misses you.
You miss something.
You feel sick. The bat hits you but does no damage. x2
You hear some strange, mumbled words.
Something tries to affect you, but you resist.
You closely miss something. The bat barely misses you. You furiously retaliate!
You headbutt the bat!
You kill the bat!
Something hits you.
You closely miss something. Your headbutt misses something.
Something barely misses you.
You slash something!
You feel sick. Something barely misses you.
You hit something. Something hits you!
You die...

#.# #.# #.# ## #.# .#
#.# .# #.# .#
#############.###)####.#
................@.......
#############.##.##.....
#...... ... ####.##.. .
#.# ## #.# ..# ..#


There were no monsters in sight!

Vanquished Creatures
  Natasha (D:2)
  2 adders (D:2)
  3 dart slugs (D:1)
  A leopard gecko (D:1)
  A giant cockroach (D:1)
  3 goblins (D:1)
  6 hobgoblins
  9 kobolds
  7 bats
  3 rats
36 creatures vanquished.

Notes
Turn   | Place    | Note
-------+----------+-------------------------------------------
     0 | D:1      | hawla the Minotaur Gladiator began the quest for the Orb.
     0 | D:1      | Reached XP level 1. HP: 18/18 MP: 0/0
   193 | D:1      | Reached XP level 2. HP: 24/25 MP: 1/1
   450 | D:1      | Reached skill level 4 in Long Blades
   832 | D:1      | Reached XP level 3. HP: 31/31 MP: 2/2
   953 | D:2      | Noticed Natasha
   956 | D:2      | Killed Natasha
  1022 | D:2      | Reached skill level 1 in Armour
  1030 | D:2      | Found a faded altar of an unknown god.
  1039 | D:2      | Reached XP level 4. HP: 23/38 MP: 3/3
  1245 | D:2      | Found a shimmering altar of Xom.
  1246 | D:2      | Found a hazy altar of Hepliaklqana.
  1247 | D:2      | Noticed a spectral ugly thing
  1274 | D:2      | Noticed Sigmund
  1288 | D:2      | Slain by Sigmund

Illustrated notes

Levels and vault maps discovered:
D:1:      dpeg_arrival_connections, layout_loops_cross
D:2:      layout_basic, regret_index_temple_of_mockery,
          chequers_ecumenical_altar_simple, uniq_natasha, uniq_sigmund

Skill      XL: |  1  2  3 |
---------------+----------+-----
Long Blades    | 4 |  4.8
Fighting       | 3 |  3.2
Armour         | 1 |  1.1
Throwing       | |  2.3
Dodging        | |  3.8

Action                   |  1- 3 |  4- 6 || total
-------------------------+-------+-------++-------
Melee: Long sword        |    43 |    13 ||    56
       Headbutt          |     8 |       ||     8
Throw: Throwing net      |     1 |       ||     1
  Use: Scroll            |     2 |       ||     2
  Eat: Chunk             |       |     1 ||     1
Armor: Leather armour    |     8 |     5 ||    13
Dodge: Dodged            |    33 |     9 ||    42
       Rpst.: Long sword |    10 |     1 ||    11
